 Dungeon Crawl Stone Soup version 0.18.1-48-g4cf74bf (webtiles) character file.

3045 Peloso the Blocker (level 9, -16/81 HPs)
             Began as a Minotaur Fighter on July 10, 2016.
             Was a Believer of Okawaru.
             Demolished by an ice devil (20 damage)
             ... summoned by an obsidian statue
             ... on level 9 of the Dungeon.
             The game lasted 00:18:31 (6528 turns).

Peloso the Blocker (Minotaur Fighter)               Turns: 6528, Time: 00:18:34

Health: -16/81     AC: 13    Str: 22    XL:     9   Next: 56%
Magic:  8/8        EV:  6    Int:  5    God:    Okawaru [**....]
Gold:   374        SH: 12    Dex: 12    Spells: 0 memorised, 8 levels left

rFire  . . .     SeeInvis .     a - +0 long sword
rCold  . . .     Gourm    .     y - +0 plate armour
rNeg   . . .     Faith    .     c - +0 shield
rPois  .         Spirit   .     (helmet restricted)
rElec  .         Dismiss  .     (no cloak)
rCorr  .         Reflect  .     (no gloves)
SustAt .         Harm     .     (no boots)
MR     .....     Rnd*Tele +     (no amulet)
Stlth  ..........               L - ring of wizardry
                                F - ring of teleportation

@: lethally poisoned (-16 -> -17), very slightly contaminated, not resistant to
hostile enchantments, extremely unstealthy
A: retaliatory headbutt, horns 2
a: Heroism, Renounce Religion


You were on level 9 of the Dungeon.
You worshipped Okawaru.
Okawaru was pleased with you.
You were very hungry.

You visited 2 branches of the dungeon, and saw 10 of its levels.

You collected 374 gold pieces.

Inventory:

Hand Weapons
 a - a +0 long sword (weapon)
 h - a +1 hand axe of flaming
Armour
 b - a +0 scale mail
 c - a +0 shield (worn)
 i - a +0 chain mail
 y - a +0 plate armour (worn)
Jewellery
 e - a cursed ring of loudness {unknown}
 F - a ring of teleportation (left hand)
 L - a ring of wizardry (right hand)
 M - an uncursed amulet of harm
Wands
 E - a wand of polymorph (9/24)
 I - a wand of paralysis (10/24)
 N - a wand of slowing (4/48)
 O - a wand of heal wounds (7/9)
 P - a wand of iceblast (5/15)
Scrolls
 j - 3 scrolls of blinking
 m - 2 scrolls of fog
 n - 4 scrolls of remove curse
 s - a scroll of recharging
 w - a scroll of teleportation {unknown}
 A - a scroll of noise {unknown}
 H - a scroll of magic mapping {unknown}
 K - 2 scrolls of immolation {unknown}
Potions
 k - 5 potions of curing
 l - 2 potions of flight
 q - 2 potions of invisibility
 r - 4 potions of resistance
 u - 3 potions of heal wounds
 D - a potion of cure mutation {unknown}
 G - a potion of brilliance {unknown}
 J - 3 potions of might
Books
 d - a book of Flames

   Spells                             Type                      Level
   a - Flame Tongue                   Conjuration/Fire             1
   b - Throw Flame                    Conjuration/Fire             2
   c - Conjure Flame                  Conjuration/Fire             3
   d - Inner Flame                    Hexes/Fire                   3
   e - Sticky Flame                   Conjuration/Fire             4
   f - Fireball                       Conjuration/Fire             5
 z - a book of Summonings

   Spells                             Type                      Level
   a - Recall                         Summoning/Translocation      3
   b - Aura of Abjuration             Summoning                    5
   c - Summon Demon                   Summoning                    5
   d - Summon Forest                  Summoning/Translocation      5
   e - Summon Mana Viper              Hexes/Summoning              5
   f - Shadow Creatures               Summoning                    6
Comestibles
 f - 3 bread rations
 g - 3 fruits
 o - a slice of pizza
 p - 5 meat rations
 B - a beef jerky
 C - a royal jelly


   Skills:
 + Level 8.2 Fighting
 + Level 7.3 Long Blades
 + Level 8.7 Armour
 + Level 2.4 Dodging
 + Level 1.0 Stealth
 + Level 9.7 Shields


You had 8 spell levels left.
You didn't know any spells.

Dungeon Overview and Level Annotations

Branches:
Dungeon (9/15)             Temple (1/1) D:7
   Lair: D:8-11         Orc: D:9-12

Altars:
Ashenzari
Cheibriados
Dithmenos
Elyvilon
Fedhas
Kikubaaqudgha
Makhleb
Nemelex Xobeh
Okawaru
Pakellas
Ru
Sif Muna

Shops:
D:5 *   D:7 *   D:8 }

Annotations:
D:9 exclusion: obsidian statue


Innate Abilities, Weirdness & Mutations

You reflexively headbutt those who attack you in melee.
You have a pair of horns on your head.


Message History

Read which item? (? for menu, Esc to quit)
As you read the scroll labeled DUFRIL ALIMIC, it crumbles to dust.
You feel as if something is helping you.
It was a scroll of remove curse.
The white imp gestures at you. You block the puff of frost.
The obsidian statue's eyes glow briefly.
The ynoxinul barely misses you. You block the ice devil's attack.
Read which item? (? for menu, Esc to quit)
As you read the scroll labeled MYZEUCKIRA, it crumbles to dust.
It is a scroll of recharging.
Charge which item? (? for menu, Esc to quit)
Your wand of heal wounds glows for a moment.
The white imp gestures at you. You block the puff of frost.
You block the ynoxinul's attack.
The orc priest casts a cantrip, but nothing happens.
The ice devil hits you!
* * * LOW HITPOINT WARNING * * *
The ice devil freezes you!!
You die...

#≈≈≈
#≈≈≈
#≈≈;#
#≈≈≈
#≈≈≈#
#≈§≈###
#≈§§§§##
#§§@5≈##
##435o≈#


#8ooo}# ##5.::# ##.==# ##### You could see an obsidian statue, an ice devil, a
ynoxinul, an electric eel, an orc priest, 2 orc wizards, a quasit, 2 white imps
and an orc.

Vanquished Creatures
  The ghost of taheo the Basher, an amateur OgBe of Trog (D:5)
  Eustachio (D:5)
  An ice beast (D:8)
  A black bear (D:9)
  An orc warrior (D:8)
  A sky beast (D:6)
  2 phantoms
  The ghost of Vincendra the Ruffian, an amateur DrTm (D:4)
  2 giant frogs
  6 big kobolds (D:8)
  A scorpion (D:5)
  4 killer bees (D:9)
  A howler monkey (D:8)
  3 wights (D:6)
  An electric eel (D:9)
  2 crimson imps
  7 hounds
  3 orc priests
  A giant frog skeleton (D:4)
  A gnoll shaman (D:6)
  An iguana (D:8)
  4 orc wizards
  8 worker ants
  A hound zombie (D:9)
  2 hound skeletons
  3 gnolls (D:6)
  A howler monkey skeleton (D:7)
  11 adders
  A shadow imp (D:8)
  8 worms
  2 dart slugs
  7 giant geckos
  14 orcs
  3 ball pythons
  A giant cockroach (D:2)
  9 goblins
  9 hobgoblins
  13 jackals
  3 quokkas
  2 bats
  4 giant newts
  A jackal skeleton (D:5)
  8 kobolds
  6 rats
163 creatures vanquished.

Vanquished Creatures (others)
  An adder zombie (D:9)
1 creature vanquished.

Grand Total: 164 creatures vanquished

Notes
Turn   | Place    | Note
--------------------------------------------------------------
     0 | D:1      | Peloso the Minotaur Fighter began the quest for the Orb.
     0 | D:1      | Reached XP level 1. HP: 19/19 MP: 0/0
   245 | D:1      | Reached XP level 2. HP: 27/27 MP: 1/1
   606 | D:2      | Reached XP level 3. HP: 33/33 MP: 2/2
   716 | D:2      | Reached skill level 4 in Shields
  1320 | D:3      | Reached XP level 4. HP: 16/41 MP: 3/3
  1338 | D:3      | Reached skill level 1 in Dodging
  1365 | D:3      | HP: 2/41 [poisoned by an adder]
  2097 | D:3      | Reached XP level 5. HP: 26/47 MP: 4/4
  2514 | D:4      | Found a white marble altar of Elyvilon.
  2558 | D:4      | Found a burning altar of Makhleb.
  2571 | D:4      | Reached skill level 5 in Shields
  2577 | D:4      | Reached skill level 5 in Fighting
  2604 | D:4      | Noticed a phantom
  2643 | D:4      | Killed a phantom
  2643 | D:4      | Reached skill level 5 in Armour
  2643 | D:4      | Reached XP level 6. HP: 53/56 MP: 5/5
  2683 | D:4      | Noticed Vincendra's ghost (amateur DrTm)
  2697 | D:4      | Killed Vincendra's ghost
  2941 | D:5      | Entered Level 5 of the Dungeon
  3054 | D:5      | Noticed taheo's ghost (amateur OgBe)
  3065 | D:5      | Reached XP level 7. HP: 52/61 MP: 6/6
  3075 | D:5      | Killed taheo's ghost
  3075 | D:5      | Reached skill level 5 in Long Blades
  3075 | D:5      | Reached skill level 6 in Shields
  3446 | D:5      | Noticed Eustachio
  3462 | D:5      | Killed Eustachio
  3462 | D:5      | Reached XP level 8. HP: 58/71 MP: 7/7
  3482 | D:5      | Found a burning altar of Makhleb.
  3482 | D:5      | Found an ancient bone altar of Kikubaaqudgha.
  3485 | D:5      | Found an iron altar of Okawaru.
  3486 | D:5      | Found a shadowy altar of Dithmenos.
  3489 | D:5      | Became a worshipper of Warmaster Okawaru
  3598 | D:5      | Found a deep blue altar of Sif Muna.
  3647 | D:5      | Found Sired's Assorted Antiques.
  3708 | D:5      | Reached skill level 1 in Stealth
  3973 | D:6      | Reached skill level 7 in Shields
  4150 | D:6      | You fall through a shaft!
  4421 | D:6      | Found a shattered altar of Ashenzari.
  4462 | D:6      | Reached * piety under Okawaru
  5065 | D:7      | Reached skill level 8 in Shields
  5071 | D:7      | Found Lintug's General Store.
  5307 | D:7      | Found a staircase to the Ecumenical Temple.
  5316 | Temple   | Entered the Ecumenical Temple
  5721 | D:8      | Found Nuhin's Gadget Shoppe.
  5775 | D:8      | Reached XP level 9. HP: 67/79 MP: 6/8
  5916 | D:8      | Reached skill level 9 in Shields
  5982 | D:8      | Reached ** piety under Okawaru
  6320 | D:9      | Found a sacrificial altar of Ru.
  6525 | D:9      | Noticed an obsidian statue
  6526 | D:9      | Noticed an ice devil
  6528 | D:9      | HP: 4/81 [ice devil[an obsidian statue] (7)]
  6528 | D:9      | Demolished by an ice devil

Skill      XL: |  1  2  3  4  5  6  7  8  9 |
---------------+----------------------------+-----
Fighting       | 4 5 6 7 8 |  8.2
Armour         | 4 5 6 8 |  8.7
Shields        | 4 5 6 8 9 |  9.7
Long Blades    | 3 4 5 6 7 |  7.3
Dodging        | 1 2 |  2.4
Stealth        | 1 |  1.0

Action                   |  1- 3 |  4- 6 |  7- 9 || total
-------------------------+-------+-------+-------++-------
Melee: Long sword        |    97 |   163 |   384 ||   644
       Headbutt          |    11 |    20 |    82 ||   113
Invok: Heroism           |       |       |     1 ||     1
  Use: Potion            |       |     1 |     1 ||     2
       Scroll            |       |       |    13 ||    13
  Eat: Chunk             |     1 |     5 |    12 ||    18
Armor: Chain mail        |    49 |    16 |       ||    65
       Scale mail        |     4 |       |       ||     4
       Plate armour      |       |    75 |   206 ||   281
Dodge: Dodged            |    26 |    25 |    79 ||   130
Block: Shield            |    65 |    78 |   263 ||   406
